 Dungeon Crawl Stone Soup version 0.26.1-12-g5ba1501909 (webtiles) character file.

Game seed: 7472931897071301831

108 AarnesTheHuman the Skirmisher (level 4, -3/42 HPs)
             Began as a Palentonga Fighter on Dec 23, 2021.
             Slain by a centaur (8 damage)
             ... on level 3 of the Dungeon.
             The game lasted 00:04:38 (2280 turns).

AarnesTheHuman the Skirmisher (Palentonga Fighter)  Turns: 2280, Time: 00:04:39

Health: -3/42      AC:  7    Str: 20    XL:     4   Next: 58%
Magic:  4/4        EV:  5    Int:  8    God:
Gold:   139        SH:  9    Dex: 10    Spells: 3/3 levels left

rFire    . . .     SeeInvis +   a - +0 dagger
rCold    . . .     Faith    .   c - +0 kite shield
rNeg     . . .     Spirit   .   h - +0 scale mail
rPois    .         Reflect  .   (no helmet)
rElec    .         Harm     .   i - +0 cloak (curse)
rCorr    .         Rampage  .   (no gloves)
Will     .....                  (no barding)
Stlth    ..........             (no amulet)
HPRegen  0.14/turn              (no ring)
MPRegen  0.09/turn              (no ring)

@: no status effects
A: large, rugged brown scales 3, see invisible, deformed body, roll 1, armoured
tail
a: Rolling Charge


You were on level 3 of the Dungeon.
You visited 1 branch of the dungeon, and saw 3 of its levels.

You collected 139 gold pieces.

Inventory:

Hand Weapons
 a - a +0 dagger (weapon)
 b - a +0 hunting sling
 B - a +1 trident of venom
 C - a +0 trident
Missiles
 m - 139 stones
 r - 45 sling bullets
Armour
 c - a +0 kite shield (worn)
 h - a +0 scale mail (worn)
 i - a cursed +0 cloak (worn)
Jewellery
 j - an uncursed amulet of regeneration
 o - an uncursed amulet of faith {unknown}
 A - an uncursed ring of willpower {unknown}
Scrolls
 f - 3 scrolls of enchant armour {unknown}
 k - 2 scrolls of identify {unknown}
 p - a scroll of blinking {unknown}
 t - 2 scrolls of amnesia {unknown}
 u - a scroll of teleportation {unknown}
 v - 2 scrolls of remove curse {unknown}
 y - a scroll of immolation {unknown}
Potions
 d - a potion of might
 e - 2 potions of haste {unknown}
 g - 4 potions of magic {unknown}
 l - a potion of cancellation {unknown}
 n - a potion of mutation {unknown}
 q - 2 potions of heal wounds {unknown}
 s - 3 potions of curing {unknown}
 w - 2 potions of attraction {unknown}
 x - 2 potions of brilliance {unknown}
 z - a potion of resistance {unknown}


   Skills:
 + Level 4.1 Fighting
 - Level 1.7 Polearms
 - Level 2.4 Armour
 * Level 3.7 Shields


You had 3 spell levels left.
You didn't know any spells.
Your spell library was empty.

Dungeon Overview and Level Annotations

Branches:
Dungeon (3/15)

Altars:


Innate Abilities, Weirdness & Mutations

You are completely covered in rugged brown scales. (AC +3, +7% HP)
You have supernaturally acute eyesight. (SInv)
Armour fits poorly on your strangely shaped body.
You can roll at nearby foes to attack.
You have a long armoured tail.


Message History

You hit the centaur. You tail-slap the centaur.
The centaur is moderately wounded.
The centaur hits you.
* * * LOW HITPOINT WARNING * * *
The centaur barely misses you.
You hit the centaur but do no damage.
The centaur is moderately wounded.
The centaur barely misses you.
You hit the centaur but do no damage.
The centaur is moderately wounded.
The centaur hits you.
* * * LOW HITPOINT WARNING * * *
The centaur hits you.
* * * LOW HITPOINT WARNING * * *
You hit the centaur.
The centaur is moderately wounded.
The centaur hits you.
* * * LOW HITPOINT WARNING * * *
The centaur hits you!
You die...

........ #.# #####
........ +.. .c..(
..#.##...# #.#....#
..#.#
...#.#####.#....##
....#
..#..............
..### .# #(# ...#
#.#####(# ...#
#.....c.##### ...#
#######@(...# #+
###### #.....# #
#....##### #.....# #
#........###.....###
#
#...................
#
####............####
#.####.......# #.#
#.# #....#### #.#
#.# #....#


You could see a centaur.

Vanquished Creatures
  3 adders (D:2)
  2 oozes
  2 worms (D:2)
  6 dart slugs
  A giant cockroach (D:1)
  7 goblins
  6 hobgoblins
  4 jackals (D:1)
  5 kobolds
  2 quokkas (D:2)
  7 bats
  5 frilled lizards
  3 rats
53 creatures vanquished.

Notes
Turn   | Place    | Note
-------+----------+-------------------------------------------
     0 | D:1      | AarnesTheHuman the Palentonga Fighter began the quest for
                  | the Orb.
     0 | D:1      | Reached XP level 1. HP: 20/20 MP: 1/1
   191 | D:1      | Reached XP level 2. HP: 27/27 MP: 2/2
   522 | D:1      | Reached XP level 3. HP: 32/33 MP: 3/3
  1217 | D:2      | Reached XP level 4. HP: 41/42 MP: 4/4
  1264 | D:2      | Reached skill level 4 in Fighting
  2266 | D:3      | Noticed a centaur
  2280 | D:3      | Slain by a centaur

Illustrated notes

Levels and vault maps discovered:
D:1:      lightli_arrival_noodles, layout_loops_cross
D:2:      minmay_spotlight, layout_loops_cross
D:3:      layout_basic

Skill      XL: |  1  2  3  4 |
---------------+-------------+-----
Shields        | 3 |  3.7
Fighting       | 4 |  4.1
Polearms       | |  1.7
Armour         | |  2.4

Action                   |  1- 3 |  4- 6 || total
-------------------------+-------+-------++-------
Melee: Trident           |    40 |       ||    40
       Tailslap          |    15 |    12 ||    27
       Dagger            |   101 |    83 ||   184
Armor: Scale mail        |    84 |    36 ||   120
Dodge: Dodged            |    40 |    17 ||    57
Block: Kite shield       |    73 |    28 ||   101
